 Dungeon Crawl Stone Soup version 0.29-a0-356-g7bc237e783 (webtiles) character file.

Game seed: 8249137793284643664

16872 Shayle the Nimble (level 12, -17/112 HPs)
             Began as a Tengu Brigand on Apr 26, 2022.
             Was an Initiate of Ashenzari.
             Demolished by a large slime creature (20 damage)
             ... on level 12 of the Dungeon.
             The game lasted 01:10:07 (16365 turns).

Shayle the Nimble (Tengu Brigand)                  Turns: 16365, Time: 01:10:08

Health: -17/112    AC: 26    Str: 12    XL:     12   Next: 42%
Magic:  4/23       EV:  2    Int: 17    God:    Ashenzari [......]
Gold:   2031       SH:  0    Dex: 15    Spells: 14/24 levels left

rFire   + . .      SeeInvis +   k - +1 war axe (flame)
rCold   . . .      Faith    .   (no shield)
rNeg    + . .      Spirit   .   (body armour currently unavailable)
rPois   +          Reflect  .   (helmet currently unavailable)
rElec   .          Harm     .   (cloak currently unavailable)
rCorr   .          Rampage  .   (gloves currently unavailable)
Will    +++..      Clarity  +   (boots unavailable)
Stlth   +++....... NoTele   +   M - amulet of the Four Winds {rN+ Will+++ Clar}
HPRegen 0.28/turn               n - ring of see invisible
MPRegen 0.18/turn               L - ring of protection from fire

@: mighty, tree-form
A: stationary, stasis, torment immunity, boosted hp, (beak), (talons 3), nimble
flight
a: Renounce Religion, Curse Item


You were on level 12 of the Dungeon.
You worshipped Ashenzari.
Ashenzari was noncommittal.
You were a tree.
You visited 3 branches of the dungeon, and saw 15 of its levels.
You also visited: Bailey.

You collected 2031 gold pieces.

Inventory:

Hand Weapons
 a - a +2 dagger
 e - a +0 short sword of holy wrath
 k - a +1 war axe of flaming (weapon)
 u - the +5 mace of Dismay {flame, Dex+3}
   (You took it off a goblin on level 2 of the Dungeon)

   It burns those it strikes, dealing additional fire damage.
   Dex:       It affects your dexterity (+3).
 K - a +3 dire flail of freezing
Missiles
 d - 22 poisoned darts
 G - 3 curare-tipped darts (quivered)
 O - 32 boomerangs
Armour
 b - a +0 robe
 c - a +2 cloak (melded)
 y - +0 steam dragon scales
 E - a +2 pair of gloves (melded)
 F - +0 acid dragon scales
 H - a +0 buckler
 J - a +0 troll leather armour (melded)
 N - a scarf of repulsion
Magical Staves
 w - a staff of conjuration
Jewellery
 n - a ring of see invisible (left branch)
 r - an amulet of magic regeneration
 s - an amulet of faith
 x - a ring of ice
 C - an amulet of guardian spirit
 L - a ring of protection from fire (right branch)
 M - the amulet of the Four Winds (around neck) {rN+ Will+++ Clar}
   (You found it in a bailey)

   [amulet of nothing]

   rN:        It protects you from negative energy.
   Clar:      It protects you against confusion.
   Will:      It greatly increases your willpower.
Wands
 g - a wand of paralysis (6)
 i - a wand of acid (5)
 t - a wand of digging (4)
 D - a wand of iceblast (5)
Scrolls
 l - 4 scrolls of magic mapping
 m - a scroll of fog
 v - 3 scrolls of enchant weapon
 z - 3 scrolls of vulnerability
 B - 3 scrolls of teleportation
 R - 8 scrolls of identify
Potions
 f - 9 potions of flight
 h - 2 potions of brilliance
 j - a potion of haste
 o - 3 potions of mutation
 p - 3 potions of attraction
 q - a potion of might
 A - a potion of resistance
 I - 3 potions of lignification
 Q - 2 potions of magic


   Skills:
 + Level 8.3 Fighting
 - Level 2.1 Short Blades
 + Level 8.4 Staves
 - Level 2.0 Throwing
 + Level 8.8 Dodging
 - Level 4.0 Stealth
 - Level 6.9 Spellcasting
 + Level 8.3 Conjurations
 + Level 3.3 Hexes
 - Level 3.7 Ice Magic
 + Level 3.4 Earth Magic
 + Level 7.2 Evocations


You had 14 spell levels left.
You knew the following spells:

 Your Spells              Type           Power      Damage    Failure   Level
a - Ozocubu's Armour      Ice            18%        N/A       8%          3
b - Stone Arrow           Conj/Erth      50%        3d10      3%          3
c - Fulminant Prism       Conj/Hex       12%        3d9       11%         4

Your spell library contained the following spells:

 Spells                   Type           Power      Damage    Failure   Level
 Magic Dart               Conj           100%       1d8       1%          1
 Searing Ray              Conj           68%        2d6       1%          2
 Summon Guardian Golem    Hex/Summ       11%        N/A       17%         3
 Cause Fear               Hex            8%         N/A       28%         4
 Animate Armour           Summ/Erth      22%        N/A       50%         4
 Orb of Destruction       Conj           17%        9d7       97%         7
 Dragon Form              Tmut           2%         N/A       100%        7
 Ozocubu's Refrigeration  Ice            9%         4d6       100%        7
 Spellforged Servitor     Conj/Summ      10%        N/A       100%        7
 Lehudib's Crystal Spear  Conj/Erth      12%        10d4      100%        8
 Dragon's Call            Summ           2%         N/A       100%        9


Dungeon Overview and Level Annotations

Branches:
Dungeon (13/15)            Temple (1/1) D:7            Lair (1/6) D:11
    Orc (0/2) D:9          Bailey (visited)
 Vaults: D:13-14

Altars:
Ashenzari
Cheibriados
Dithmenos
Elyvilon
Fedhas
Gozag
Hepliaklqana
Kikubaaqudgha
Nemelex Xobeh
Okawaru
Qazlal
Ru
Trog
Uskayaw
Xom
Yredelemnul
Zin
The Shining One
Beogh

Shops:
D:2 =   D:6 =   D:12 =

Portals:
Trove: D:10 (give 8 potions of haste)

Annotations:
D:9 3 runed translucent doors, experimilk's ghost, novice PaFi


Innate Abilities, Weirdness & Mutations

You are a tree.
Your roots penetrate the ground, keeping you stationary.
You cannot be teleported.
You are immune to unholy pain and torment.
Your maximum health is greatly increased.
Your equipment is partially melded.
((You have a beak for a mouth.))
((You have claws for feet.))
Your magical nature lets you fly swiftly and evasively.


Message History

The skeletal warrior hits you with a +0 battleaxe.
* * * LOW HITPOINT WARNING * * *
Unknown command.
You hit the skeletal warrior. You burn the skeletal warrior.
The skeletal warrior is severely damaged.
You barely miss the slime creature.
The skeletal warrior completely misses you.
The slime creature hits you but does no damage.
Two slime creatures merge to form a large slime creature.
Unknown command.
You feel very mighty all of a sudden.
The skeletal warrior hits you with a +0 battleaxe!
* * * LOW HITPOINT WARNING * * *
Two slime creatures merge to form a very large slime creature.
Unknown command.
You barely miss the skeletal warrior.
The skeletal warrior is severely damaged.
You slash the very large slime creature!
You burn the very large slime creature.
The skeletal warrior hits you with a +0 battleaxe.
* * * LOW HITPOINT WARNING * * *
The boulder beetle curls into a ball and begins rolling!
The skeletal warrior hits you with a +0 battleaxe.
* * * LOW HITPOINT WARNING * * *
You completely miss the skeletal warrior.
The skeletal warrior is severely damaged.
You hit the very large slime creature. You burn the very large slime creature.
A very large slime creature splits.
The skeletal warrior hits you with a +0 battleaxe!
* * * LOW HITPOINT WARNING * * *
The boulder beetle stops rolling and uncurls.
Okay, then.
You hit the skeletal warrior. You burn the skeletal warrior.
The skeletal warrior is almost destroyed.
You slash the large slime creature! You burn the large slime creature.
You slash the slime creature! You burn the slime creature.
The skeletal warrior hits you with a +0 battleaxe!
* * * LOW HITPOINT WARNING * * *
The large slime creature hits you!!
You die...

###### ########
.....# #....J♣#
.....# #....zJ#
.....# #.....B#
.z...# #....°.#
.#...# #...°..#
.#...###+##......#
###..#....'......#
# ##......#......#
...##.....#......#


You could see a boulder beetle, a skeletal warrior, a large slime creature and a
slime creature.

Vanquished Creatures
  Josephine (D:10)
  A two-headed ogre (D:11)
  A skeletal warrior (D:12)
  A deep elf pyromancer (D:11)
  An ugly thing (D:6)
  3 manticores
  Maurice (D:12)
  2 cane toads (D:11)
  An unseen horror (D:11)
  A komodo dragon (Lair:1)
  3 hornets
  2 trolls
  A shadow (D:11)
  3 wyverns (D:9)
  7 wraiths
  10 yaks (D:11)
  A steam dragon (D:8)
  2 vampire mosquitoes
  An acid dragon (D:12)
  3 water moccasins
  16 orc warriors
  2 ice beasts (D:7)
  2 sky beasts
  3 ogres
  2 centaurs
  A phantom (D:6)
  2 kobold brigands
  7 bullfrogs
  2 gnoll sergeants
  5 scorpions
  5 necrophages
  18 wights
  5 killer bees (D:9)
  9 howler monkeys
  4 jellies
  6 hounds
  2 bullfrog zombies (D:5)
  9 orc priests
  A human zombie (D:5)
  6 iguanas
  A scorpion zombie (D:5)
  8 orc wizards
  A hound zombie (D:5)
  A mummy (D:5)
  14 adders
  5 gnolls
  3 white imps
  An ufetubus (D:5)
  An adder zombie (D:5)
  6 worms
  A dart slug (D:1)
  120 orcs
  9 ball pythons
  5 endoplasms
  4 giant cockroaches
  11 goblins
  9 hobgoblins
  4 quokkas
  4 bats
  2 frilled lizards
  33 kobolds
  7 rats
403 creatures vanquished.

Vanquished Creatures (others)
  30 fulminant prisms
  A fungus (Lair:1)
  7 plants (D:8)
38 creatures vanquished.

Grand Total: 441 creatures vanquished

Notes
Turn   | Place    | Note
-------+----------+-------------------------------------------
     0 | D:1      | Shayle the Tengu Brigand began the quest for the Orb.
     0 | D:1      | Reached XP level 1. HP: 12/12 MP: 2/2
   217 | D:1      | Reached XP level 2. HP: 9/17 MP: 3/3
   505 | D:1      | Reached skill level 1 in Spellcasting
   643 | D:1      | Reached XP level 3. HP: 21/22 MP: 5/5
  1312 | D:2      | Reached XP level 4. HP: 25/27 MP: 7/7
  2173 | D:2      | Found Qerafela's Jewellery Emporium.
  2228 | D:2      | Identified the +5 mace of Dismay {flame, Dex+3}
  2261 | D:2      | Found a faded altar of an unknown god.
  2923 | D:3      | Gained mutation: Your magical nature lets you fly swiftly
                  | and evasively. [Tengu growth]
  2923 | D:3      | Reached XP level 5. HP: 32/32 MP: 9/9
  2985 | D:3      | Found a sacrificial altar of Ru.
  3319 | D:4      | Noticed a +0 hand axe
  3319 | D:4      | Noticed a +0 hand axe
  3325 | D:4      | Found a hide-covered altar of Uskayaw.
  3360 | D:4      | Found a basalt altar of Yredelemnul.
  3585 | D:4      | Reached skill level 1 in Conjurations
  3585 | D:4      | Reached skill level 1 in Evocations
  3673 | D:4      | Noticed an ogre
  3692 | D:4      | Killed an ogre
  3693 | D:4      | Reached skill level 1 in Staves
  3693 | D:4      | Reached XP level 6. HP: 12/37 MP: 10/10
  4090 | D:5      | Entered Level 5 of the Dungeon
  4271 | D:5      | Noticed a water moccasin
  4271 | D:5      | Noticed a troll
  4395 | D:5      | You are sucked into a shaft and drop 1 floor!
  4409 | D:6      | Reached XP level 7. HP: 42/42 MP: 12/12
  4432 | D:6      | Found Yfeusif's Jewellery Shop.
  5115 | D:6      | Reached XP level 8. HP: 41/48 MP: 14/14
  5854 | D:6      | Noticed a green ugly thing
  5859 | D:6      | Killed a green ugly thing
  5860 | D:6      | Reached skill level 5 in Fighting
  5860 | D:6      | Reached skill level 5 in Dodging
  5860 | D:6      | Reached skill level 5 in Conjurations
  6028 | D:6      | Reached XP level 9. HP: 54/54 MP: 16/16
  6043 | D:6      | Learned a level 3 spell: Ozocubu's Armour
  6459 | D:5      | Reached skill level 1 in Ice Magic
  6977 | D:5      | Killed a troll
  6978 | D:5      | Reached skill level 5 in Staves
  7182 | D:5      | Found an ancient bone altar of Kikubaaqudgha.
  7230 | D:5      | Reached skill level 5 in Spellcasting
  7575 | D:7      | Reached XP level 10. HP: 60/60 MP: 18/18
  7596 | D:7      | Reached skill level 5 in Evocations
  7857 | D:7      | Found a staircase to the Ecumenical Temple.
  7944 | D:7      | Found a flagged portal.
  7956 | Bailey   | Entered a bailey
  8012 | Bailey   | Found the amulet of the Four Winds {rN+ Will+++ Clar}
  8763 | Temple   | Entered the Ecumenical Temple
  8858 | Temple   | Became a worshipper of Ashenzari the Shackled
  9206 | D:8      | HP: 1/61 [hornet (13)]
  9292 | D:8      | Found an opulent altar of Gozag.
  9698 | D:8      | Learned a level 3 spell: Stone Arrow
  9703 | D:8      | Learned a level 4 spell: Fulminant Prism
 10362 | D:9      | Reached XP level 11. HP: 46/66 MP: 3/21
 10500 | D:9      | Reached skill level 1 in Hexes
 10500 | D:9      | Reached skill level 1 in Earth Magic
 10556 | D:9      | Noticed a boulder beetle
 10557 | D:9      | Noticed experimilk's ghost (novice PaFi)
 10808 | D:9      | Found a runed translucent gate.
 10808 | D:9      | Found a runed translucent gate.
 10808 | D:9      | Found a runed translucent gate.
 10905 | D:9      | Found a bloodstained altar of Trog.
 10908 | D:9      | Found a stormy altar of Qazlal.
 10908 | D:9      | Found a hazy altar of Hepliaklqana.
 10911 | D:9      | Found a white marble altar of Elyvilon.
 11564 | D:9      | Found a staircase to the Orcish Mines.
 11729 | D:10     | Entered Level 10 of the Dungeon
 11796 | D:10     | Found a portal to a secret trove of treasure.
 12260 | D:10     | Found a glowing silver altar of Zin.
 12427 | D:10     | Found a shimmering altar of Xom.
 12441 | D:10     | Noticed Josephine
 12453 | D:10     | Killed Josephine
 12676 | D:10     | Paralysed by a hornet for 1 turns
 13095 | D:11     | Noticed a deep elf pyromancer
 13216 | D:12     | Noticed a boulder beetle
 13932 | D:11     | Noticed a manticore
 13990 | D:11     | Killed a deep elf pyromancer
 14060 | D:11     | Killed a manticore
 14061 | D:11     | Reached XP level 12. HP: 56/73 MP: 7/23
 14320 | D:11     | Found a staircase to the Lair.
 14348 | D:11     | Noticed a two-headed ogre
 14386 | Lair:1   | Entered Level 1 of the Lair of Beasts
 14744 | D:11     | Killed a two-headed ogre
 15714 | D:12     | Found Kyilaqaf's Jewellery Shoppe.
 15773 | D:12     | Noticed Maurice
 16114 | D:12     | Killed Maurice
 16331 | D:12     | Found a glowing golden altar of the Shining One.
 16365 | D:12     | HP: 3/112 [skeletal warrior/+0 battleaxe[a skeletal
                  | warrior] (7)]
 16365 | D:12     | Demolished by a large slime creature

Illustrated notes

Levels and vault maps discovered:
D:1:      lightli_molten_gateway, layout_basic
D:2:      layout_basic, serial_shops, nicolae_shop_competitors_out_of_business,
          shapermc_ecumenical_altar_mp_vishouse
D:3:      cheibrodos_helix_gallery, layout_rooms, old_standard_altar,
          amcnicky_mini_corridor_feature
D:4:      layout_loops_ring, mainiacjoe_overflow_catwalk,
          dancing_weapons_uskayaw
D:5:      cheibrodos_fzero, layout_cave_pools,
          lemuel_mausoleum_altar_kikubaaqudgha
D:6:      layout_gridville, serial_shops, nicolae_square_shop,
          minmay_statues_item
D:7:      layout_layer_cave, minmay_temple_entry_statues_pillars,
          enter_bailey_1, minivault_27
D:8:      layout_loops_ring, nicolae_gozag_cash_rules_everything_around_me,
          special_room [special_room_orc], grunt_decor_arrowhead,
          serial_bayou_pond_b, hex_tiny, hangedman_decor_opposing
D:9:      layout_irregular_city, grunt_temple_overflow_open, hiddenorc1_lemuel,
          gammafunk_ghost_split
D:10:     layout_roguey [special_room_orc], mainiacjoe_overflow_alcove_4,
          mainiacjoe_overflow_paths, enter_trove_6, uniq_josephine
D:11:     layout_roguey, lair_entry_dummy
D:12:     layout_gridville, serial_shops, shop, tso_metal_star, uniq_maurice
D:13:     layout_roguey
Temple:   minmay_temple_curvy_loop
Lair:1:   layout_long_grid, special_room [special_room_bee]

Skill      XL: |  1  2  3  4  5  6  7  8  9 10 11 12 |
---------------+-------------------------------------+-----
Spellcasting   | 1 2 3 4 5 6 |  6.9
Dodging        | 2 3 4 5 6 7 8 |  8.8
Fighting       | 3 4 5 6 7 8 |  8.3
Conjurations   | 1 2 3 5 6 7 8 |  8.3
Evocations     | 1 2 3 4 5 6 7 |  7.2
Staves         | 1 2 3 4 5 6 7 8 |  8.4
Ice Magic      | 2 3 |  3.7
Hexes          | 2 3 |  3.3
Earth Magic    | 2 3 |  3.4
Short Blades   | |  2.1
Throwing       | |  2.0
Stealth        | |  4.0

Action                   |  1- 3 |  4- 6 |  7- 9 | 10-12 || total
-------------------------+-------+-------+-------+-------++-------
Melee: Dagger            |    82 |    38 |       |       ||   120
       Kick              |    16 |    18 |    80 |   247 ||   361
       Peck              |     4 |    16 |    56 |   157 ||   233
       Mace              |       |    58 |   253 |   367 ||   678
       Punch             |       |       |     3 |     5 ||     8
       Staff             |       |       |       |   362 ||   362
       War axe           |       |       |       |     4 ||     4
Throw: Dart              |       |    12 |    18 |     8 ||    38
 Cast: Stone Arrow       |       |       |       |    56 ||    56
       Ozocubu's Armour  |       |       |       |     3 ||     3
       Fulminant Prism   |       |       |       |    30 ||    30
Evoke: Wand              |       |       |     6 |    18 ||    24
  Use: Scroll            |       |     7 |    10 |    15 ||    32
       Potion            |       |       |     2 |    15 ||    17
 Stab: Sleeping          |     3 |     7 |     6 |     7 ||    23
       Distracted        |       |     1 |       |       ||     1
Armor: Robe              |    20 |    16 |    47 |       ||    83
       Troll leather arm |       |       |    13 |   140 ||   153
       Skin              |       |       |       |     1 ||     1
Dodge: Dodged            |    47 |    87 |   234 |   658 ||  1026

Table legend: (Time is in decaauts)
 A = Elapsed time spent in this place.
 B = Non-inter-level travel time spent in this place.
 C = Inter-level travel time spent in this place.
 D = Time resting spent in this place.
 E = Time spent auto-exploring this place.
 F = Levels seen in this place.
 G = Mean time per level.
                   A        B        C        D        E       F      G
               +--------+--------+--------+--------+--------+-----+--------+
         Total |  15905 |  15214 |    691 |   3882 |   5723 |  16 |  994.1 |
       Dungeon |  15026 |  14373 |    653 |   3694 |   5445 |  13 | 1155.8 |
        Temple |    123 |     86 |     37 |      0 |     67 |   1 |  123.0 |
          Lair |    193 |    193 |      0 |     17 |    102 |   1 |  193.0 |
        Bailey |    560 |    560 |      0 |    171 |    108 |   1 |  560.0 |
               +--------+--------+--------+--------+--------+-----+--------+

Top non-repeatable levels by time:
     D:6: 1933 daAuts
    D:11: 1674 daAuts
     D:9: 1536 daAuts
     D:4: 1390 daAuts
     D:1: 1369 daAuts
    D:10: 1268 daAuts
     D:8: 1224 daAuts
     D:2: 1200 daAuts
    D:12: 1055 daAuts
     D:5: 1015 daAuts
     D:7: 831 daAuts
  Bailey: 560 daAuts
     D:3: 517 daAuts
  Lair:1: 193 daAuts
  Temple: 123 daAuts
